[Event "Belt Road Women 2019"]
[Site "Shaoxing"]
[Date "2019.07.10"]
[Round "3.11"]
[White "Zhang, Lanlin"]
[Black "Pujari, Rucha"]
[Result "1-0"]
[ECO "C95"]
[WhiteElo "2195"]
[BlackElo "2268"]
[Annotator "NA"]
[PlyCount "183"]
[EventDate "2019.07.08"]
[EventType "swiss"]
[EventCountry "CHN"]
[SourceTitle "playchess.com"]
[Source "ChessBase"]
[SourceQuality "1"]
[TimeControl "5400+30"]

1. e4 e5 2. Nf3 Nc6 3. Bb5 a6 4. Ba4 Nf6 5. O-O Be7 6. Re1 b5 7. Bb3 O-O 8. c3 d6 9. h3 Nb8 10. d4 Nbd7 11. Nbd2 Bb7 12. Bc2 Re8 13. a4 Bf8 14. Bd3 c6 15. Nf1 g6 16. Ng3 Bg7 17. Bd2 Qe7 18. Nh2 h5 19. f4 h4 20. Ngf1 Nh5 21. fxe5 dxe5 22. Nf3 Rad8 23. Qc2 exd4 24. cxd4 Nf8 25. Be3 Ne6 26. Qf2 Nhf4 27. Bc2 g5 28. axb5 axb5 29. N1d2 Nh5 30. e5 c5 31. dxc5 Ng3 32. Ra7 Ra8 33. Rxa8 Bxa8 34. b4 Bd5 35. Bd3 Bc6 36. Nf1 Rd8 37. Bb1 Bxf3 38. Nxg3 hxg3 39. Qxf3 Bxe5 40. Qf5 Qf6 41. c6 Qxf5 42. Bxf5 Bc3 43. Rc1 Bxb4 44. Bxe6 fxe6 45. c7 Rc8 46. Bxg5 Bd6 47. Bd8 b4 48. Kf1 Kf7 49. Ke2 Ke8 50. Kf3 Kd7 51. Rd1 Kc6 52. Rb1 Kb5 53. h4 Be5 54. h5 Ka4 55. h6 b3 56. h7 b2 57. Ke4 Bh8 58. Kd3 Kb3 59. Rf1 Ka2 60. Kc2 Be5 61. Rb1 Bh8 62. Rf1 e5 63. Rb1 e4 64. Rh1 Be5 65. Rb1 e3 66. Rxb2+ Bxb2 67. Kd3 Kb3 68. Kxe3 Kc4 69. Kf4 Kd5 70. Kxg3 Ke6 71. Kf4 Bf6 72. Ke4 Be5 73. g4 Ra8 74. g5 Ra4+ 75. Kf3 Kd7 76. Bf6 Bxf6 77. c8=Q+ Kxc8 78. gxf6 Rh4 79. f7 Rxh7 80. f8=Q+ Kb7 81. Ke4 Rd7 82. Ke5 Rc7 83. Kd5 Rc6 84. Qe8 Rc7 85. Qb5+ Ka7 86. Kd6 Rb7 87. Qa5+ Kb8 88. Kc6 Rb1 89. Qe5+ Ka7 90. Qd4+ Ka8 91. Qh8+ Rb8 92. Qa1# 1-0

[Event "Belt Road Women 2019"]
[Site "Shaoxing"]
[Date "2019.07.10"]
[Round "3.12"]
[White "Batsiashvili, Nino"]
[Black "Du, Yuxin"]
[Result "1-0"]
[ECO "E01"]
[WhiteElo "2433"]
[BlackElo "2015"]
[Annotator "NA"]
[PlyCount "89"]
[EventDate "2019.07.08"]
[EventType "swiss"]
[EventCountry "CHN"]
[SourceTitle "playchess.com"]
[Source "ChessBase"]
[SourceQuality "1"]
[TimeControl "5400+30"]

1. d4 Nf6 2. c4 e6 3. g3 d5 4. Nf3 Bb4+ 5. Nbd2 O-O 6. Bg2 c6 7. O-O Nbd7 8. Qc2 Be7 9. Rd1 b6 10. e4 dxe4 11. Nxe4 Nxe4 12. Qxe4 Bb7 13. Bf4 Re8 14. Ne5 Nxe5 15. Bxe5 Bd6 16. Qg4 f6 17. Rac1 Rc8 18. Bxd6 Qxd6 19. c5 Qe7 20. b4 b5 21. Re1 Rc7 22. h4 Qf7 23. Re3 Bc8 24. Rce1 Rd8 25. Qf4 Kf8 26. a3 a6 27. Bf3 h6 28. h5 Rcd7 29. Rxe6 Rxd4 30. Re8+ Rxe8 31. Rxe8+ Qxe8 32. Qxd4 Qd7 33. Qe4 Bb7 34. Kg2 Qe7 35. Qf4 Kf7 36. Qb8 Qd7 37. Bg4 Qxg4 38. Qxb7+ Kf8 39. Qa8+ Kf7 40. Qxc6 Qxh5 41. Qd7+ Kf8 42. c6 Qe8 43. Qd6+ Kf7 44. c7 Qe4+ 45. Kh2 1-0

[Event "Belt Road Women 2019"]
[Site "Shaoxing"]
[Date "2019.07.10"]
[Round "3.13"]
[White "Song, Yuxin"]
[Black "Xu, Yuze"]
[Result "1-0"]
[ECO "B36"]
[WhiteElo "2277"]
[BlackElo "2083"]
[Annotator "NA"]
[PlyCount "89"]
[EventDate "2019.07.08"]
[EventType "swiss"]
[EventCountry "CHN"]
[SourceTitle "playchess.com"]
[Source "ChessBase"]
[SourceQuality "1"]
[TimeControl "5400+30"]

1. e4 c5 2. Nf3 Nc6 3. d4 cxd4 4. Nxd4 g6 5. c4 Nf6 6. Nc3 Nxd4 7. Qxd4 d6 8. Be3 Bg7 9. f3 O-O 10. Qd2 a5 11. b3 a4 12. b4 Be6 13. Rc1 Nd7 14. Be2 Nb6 15. Nd5 Nxd5 16. exd5 Bd7 17. a3 e6 18. dxe6 Bxe6 19. Bg5 Qb6 20. Be3 Qd8 21. O-O d5 22. c5 d4 23. Bg5 Qd7 24. Bd3 Rfe8 25. Qc2 Bb3 26. Qf2 h6 27. Bf4 Rad8 28. b5 Bd5 29. h4 Rc8 30. Kh1 h5 31. Rfd1 Re6 32. Qg3 Bf8 33. Bf5 Bxc5 34. Be5 Qe7 35. Bxd4 b6 36. Bxc5 Rxc5 37. Rxc5 Qxc5 38. Bxe6 Bxe6 39. Qg5 Qxg5 40. hxg5 Bc4 41. Rd6 Bxb5 42. Rxb6 Bd7 43. Kh2 Kf8 44. Kg3 Ke7 45. Kf4 1-0

[Event "Belt Road Women 2019"]
[Site "Shaoxing"]
[Date "2019.07.10"]
[Round "3.14"]
[White "Hu, Yu A."]
[Black "Zhang, Xiao"]
[Result "1/2-1/2"]
[ECO "B12"]
[WhiteElo "2095"]
[BlackElo "2259"]
[Annotator "NA"]
[PlyCount "40"]
[EventDate "2019.07.08"]
[EventType "swiss"]
[EventCountry "CHN"]
[SourceTitle "playchess.com"]
[Source "ChessBase"]
[SourceQuality "1"]
[TimeControl "5400+30"]

1. e4 c6 2. d4 d5 3. e5 c5 4. dxc5 e6 5. a3 Bxc5 6. b4 Bb6 7. Nf3 Ne7 8. Bd3 Ng6 9. Bb2 Nf4 10. O-O Nxd3 11. Qxd3 O-O 12. c4 dxc4 13. Qxc4 Bd7 14. Nc3 Bc6 15. Rfd1 Qe7 16. Ne4 Bxe4 17. Qxe4 Nc6 18. h4 h6 19. Nd4 Nxd4 20. Bxd4 Bxd4 1/2-1/2

[Event "Belt Road Women 2019"]
[Site "Shaoxing"]
[Date "2019.07.10"]
[Round "3.15"]
[White "Li, Yunshan"]
[Black "Zhou, Yafei"]
[Result "1-0"]
[ECO "E94"]
[WhiteElo "2254"]
[BlackElo "1720"]
[Annotator "NA"]
[PlyCount "105"]
[EventDate "2019.07.08"]
[EventType "swiss"]
[EventCountry "CHN"]
[SourceTitle "playchess.com"]
[Source "ChessBase"]
[SourceQuality "1"]
[TimeControl "5400+30"]

1. d4 Nf6 2. c4 g6 3. Nc3 Bg7 4. e4 d6 5. Nf3 O-O 6. Be2 e5 7. Be3 exd4 8. Nxd4 Nbd7 9. O-O Nc5 10. f3 a5 11. b3 Bd7 12. Qd2 Re8 13. Rac1 Qe7 14. Ndb5 Bxb5 15. cxb5 Rad8 16. Kh1 Ne6 17. Bc4 Qd7 18. Rfd1 h5 19. Nd5 b6 20. Qc2 Nc5 21. Nxf6+ Bxf6 22. e5 Rxe5 23. Qxg6+ Bg7 24. Bh6 Ne6 25. Bxe6 fxe6 26. Bxg7 Qxg7 27. Qxg7+ Kxg7 28. Rxc7+ Kf6 29. Rc6 Rxb5 30. Rdxd6 Rxd6 31. Rxd6 a4 32. Rd3 axb3 33. axb3 Rb4 34. Kg1 Kf5 35. Kf2 e5 36. Ke3 h4 37. g3 hxg3 38. hxg3 Kg5 39. Kd2 e4 40. Rd5+ Kf6 41. Kc3 e3 42. Rd3 Rb5 43. Rxe3 Rc5+ 44. Kd4 Kf5 45. b4 Rc1 46. Re5+ Kf6 47. Rb5 Rd1+ 48. Ke4 Rd6 49. g4 Kg6 50. f4 Kf6 51. g5+ Kg6 52. Ke5 Rc6 53. Kd5 1-0

[Event "Belt Road Women 2019"]
[Site "Shaoxing"]
[Date "2019.07.10"]
[Round "3.16"]
[White "Zhang, Yuxuan"]
[Black "Yan, Tianqi"]
[Result "0-1"]
[ECO "B48"]
[WhiteElo "1987"]
[BlackElo "2034"]
[Annotator "NA"]
[PlyCount "82"]
[EventDate "2019.07.08"]
[EventType "swiss"]
[EventCountry "CHN"]
[SourceTitle "playchess.com"]
[Source "ChessBase"]
[SourceQuality "1"]
[TimeControl "5400+30"]

1. e4 c5 2. Nf3 Nc6 3. d4 cxd4 4. Nxd4 Qc7 5. Nc3 e6 6. Be3 a6 7. Qd2 Nf6 8. O-O-O Bb4 9. f3 d5 10. Bg5 dxe4 11. Nxc6 bxc6 12. Bxf6 gxf6 13. Qd4 Bxc3 14. Qxc3 Qf4+ 15. Kb1 Bb7 16. fxe4 Qe5 17. Qb4 Rb8 18. b3 c5 19. Qa4+ Kf8 20. Rd7 Qxe4 21. Qxe4 Bxe4 22. Bxa6 Rg8 23. Bf1 f5 24. Rc7 f4 25. Bd3 Bxg2 26. Rg1 Rd8 27. Rxc5 f3 28. Bc4 f2 29. Rc1 Bf3 30. Bf1 Rg1 31. Kb2 Bd1 32. Bc4 f1=Q 33. Bxf1 Rxf1 34. a4 f5 35. a5 f4 36. a6 Ra8 37. Rc4 e5 38. Re4 Rxa6 39. Rxe5 Rf6 40. Kc3 f3 41. Kd2 f2 0-1

[Event "Belt Road Women 2019"]
[Site "Shaoxing"]
[Date "2019.07.10"]
[Round "3.17"]
[White "Peng, Tianlu"]
[Black "Bai, Xue"]
[Result "0-1"]
[ECO "A14"]
[WhiteElo "1901"]
[BlackElo "2029"]
[Annotator "NA"]
[PlyCount "86"]
[EventDate "2019.07.08"]
[EventType "swiss"]
[EventCountry "CHN"]
[SourceTitle "playchess.com"]
[Source "ChessBase"]
[SourceQuality "1"]
[TimeControl "5400+30"]

1. Nf3 Nf6 2. g3 e6 3. Bg2 d5 4. c4 b6 5. O-O Bb7 6. b3 Be7 7. Bb2 O-O 8. e3 Nbd7 9. cxd5 exd5 10. d4 Re8 11. Nc3 Bd6 12. Rc1 a6 13. Ne2 Rc8 14. Nf4 Qe7 15. Rc2 Ne4 16. Bh3 Rcd8 17. Qa1 Ng5 18. Bg2 Nxf3+ 19. Bxf3 Nf6 20. Qc1 Ne4 21. Nd3 g6 22. b4 h5 23. Nc5 bxc5 24. bxc5 Bxg3 25. fxg3 Bc6 26. Re1 Qg5 27. Rg2 Qf6 28. Qd1 Ng5 29. Rf1 Rxe3 30. Bxh5 Qe7 31. Bg4 Bb5 32. Rgf2 Bxf1 33. Rxf1 f5 34. Bxf5 gxf5 35. Qh5 Re1 36. Qg6+ Kh8 37. Qh6+ Nh7 38. Bc1 Qe2 39. Rxe1 Qxe1+ 40. Kg2 Re8 41. Bf4 Re2+ 42. Kh3 Qf1+ 43. Kh4 Rxh2# 0-1

[Event "Belt Road Women 2019"]
[Site "Shaoxing"]
[Date "2019.07.11"]
[Round "4.2"]
[White "Munguntuul, Batkhuyag"]
[Black "Zhu, Jiner"]
[Result "1/2-1/2"]
[ECO "B84"]
[WhiteElo "2412"]
[BlackElo "2454"]
[Annotator "RC"]
[PlyCount "105"]
[EventDate "2019.07.08"]
[EventType "swiss"]
[EventCountry "CHN"]
[TimeControl "5400+30"]

1. e4 c5 2. Nf3 d6 3. d4 cxd4 4. Nxd4 Nf6 5. Nc3 a6 6. Be2 e6 7. Be3 Be7 8. Qd2 b5 9. a3 Bb7 10. f3 Nbd7 11. g4 Nb6 12. O-O-O Rc8 13. h4 Nfd7 14. Bg5 Ne5 15. Bxe7 Qxe7 16. f4 Nec4 17. Bxc4 Nxc4 18. Qd3 Qc7 19. f5 e5 20. Nb3 Nxa3 21. f6 gxf6 22. Qxd6 Qxd6 23. Rxd6 Nxc2 24. Na5 Ba8 25. Rxf6 b4 26. Nd5 Ne3+ 27. Kd2 Nxd5 28. exd5 Bxd5 29. Re1 Be6 30. Rxe5 Ke7 31. Rf4 Rhd8+ 32. Ke3 Rd1 33. Ree4 Ra1 34. Nb3 Rb1 35. Rxb4 Rxb2 36. Nd2 Rc3+ 37. Ke2 Rxb4 38. Rxb4 Rg3 39. g5 Rg4 40. Rb7+ Kf8 41. Ra7 Rxh4 42. Rxa6 Rh5 43. Ra5 Kg7 44. Kf2 Kg6 45. Nf3 Rh1 46. Kg3 Rd1 47. Nh4+ Kg7 48. Nf5+ Bxf5 49. Rxf5 Kg6 50. Rf6+ Kg7 51. Rf5 Kg6 52. Rf6+ Kxg5 53. Rxf7 1/2-1/2

[Event "Belt Road Women 2019"]
[Site "Shaoxing"]
[Date "2019.07.11"]
[Round "4.3"]
[White "Girya, Olga"]
[Black "Kosteniuk, Alexandra"]
[Result "1/2-1/2"]
[ECO "D10"]
[WhiteElo "2457"]
[BlackElo "2517"]
[Annotator "ChessBase"]
[PlyCount "137"]
[EventDate "2019.07.08"]
[EventType "swiss"]
[EventCountry "CHN"]
[SourceTitle "playchess.com"]
[Source "ChessBase"]
[SourceQuality "1"]
[TimeControl "5400+30"]

1. d4 d5 2. c4 c6 3. Nc3 dxc4 4. e3 b5 5. a4 b4 6. Ne4 Qd5 7. Nd2 c3 8. bxc3 bxc3 9. Nb1 Qa5 10. Qc2 Na6 11. Qxc3 Nb4 12. Bd2 e6 13. Nf3 Nf6 14. Bc4 Be7 15. O-O O-O 16. Rc1 Bb7 17. Qb3 c5 18. dxc5 Qxc5 19. Be2 Qd6 20. Na3 a5 21. Nb5 Qd8 22. Bc3 Ne4 23. Bd4 Bf6 24. Qb2 Bxd4 25. Qxd4 Rc8 26. Qxd8 Rfxd8 27. Nfd4 Bd5 28. f3 Nd2 29. Rxc8 Rxc8 30. Rd1 Nb3 31. e4 Nxd4 32. Rxd4 Bb3 33. Bd1 e5 34. Rd6 Be6 35. Nc7 Ba2 36. Be2 Kf8 37. Rd7 Nc6 38. Bb5 Nd4 39. Kf2 Bb3 40. f4 Nxb5 41. axb5 a4 42. b6 Rb8 43. fxe5 Rxb6 44. Rd8+ Ke7 45. Ra8 Kd7 46. Nd5 Re6 47. Nc3 Rxe5 48. Nxa4 Bc2 49. Ra7+ Ke8 50. Ra8+ Ke7 51. Ra7+ Kf6 52. Nc3 Bxe4 53. Nxe4+ Rxe4 54. Kf3 Re6 55. g4 g5 56. Ra5 Rb6 57. h3 Kg6 58. Ra8 Rb3+ 59. Kg2 Rb4 60. Ra6+ f6 61. Kg3 Rb1 62. Rc6 Rf1 63. Kg2 Rf4 64. Kg3 h5 65. gxh5+ Kxh5 66. h4 Rg4+ 67. Kf3 gxh4 68. Rxf6 Rg8 69. Rf5+ 1/2-1/2

[Event "Belt Road Women 2019"]
[Site "Shaoxing"]
[Date "2019.07.11"]
[Round "4.5"]
[White "Ushenina, Anna"]
[Black "Tan, Zhongyi"]
[Result "1/2-1/2"]
[ECO "E05"]
[WhiteElo "2448"]
[BlackElo "2511"]
[Annotator "ChessBase"]
[PlyCount "150"]
[EventDate "2019.07.08"]
[EventType "swiss"]
[EventCountry "CHN"]
[SourceTitle "playchess.com"]
[Source "ChessBase"]
[SourceQuality "1"]
[TimeControl "5400+30"]

1. d4 Nf6 2. c4 e6 3. Nf3 d5 4. g3 Be7 5. Bg2 O-O 6. O-O dxc4 7. Qa4 a6 8. Qxc4 b5 9. Qc2 Bb7 10. Bd2 Be4 11. Qc1 c6 12. Rd1 Bxf3 13. Bxf3 Qxd4 14. Bc3 Qb6 15. Bd4 Qc7 16. a4 e5 17. Be3 e4 18. Bg2 Nbd7 19. Nd2 Qe5 20. Nxe4 Nxe4 21. Rxd7 Bf6 22. Rb1 Qe6 23. Rc7 Rfc8 24. Qxc6 Qxc6 25. Rxc6 Rxc6 26. Bxe4 Rac8 27. Bxc6 Rxc6 28. axb5 axb5 29. Ra1 h6 30. Ra8+ Kh7 31. Rb8 Bxb2 32. Rxb5 Bf6 33. Rb7 Kg8 34. Kg2 g5 35. Rb6 Rxb6 36. Bxb6 Kg7 37. Kf3 Kg6 38. Ke4 h5 39. h3 Bb2 40. Bd4 Bc1 41. f3 Bd2 42. Bf2 Bc1 43. Ke5 Bd2 44. e4 Bc3+ 45. Kd5 Bd2 46. Kd4 Ba5 47. Kd5 Bc7 48. Be1 Bb8 49. Kc6 Be5 50. Kd5 Bb8 51. Kd4 Bc7 52. Ke3 Bb6+ 53. Ke2 Bc7 54. Kf2 Bb6+ 55. Kg2 Be3 56. Kf1 Bb6 57. Bd2 Bc7 58. Kf2 f5 59. g4 hxg4 60. hxg4 fxg4 61. fxg4 Bd8 62. Ke2 Kf7 63. Kd3 Ke6 64. Bc3 Be7 65. Kc4 Bd8 66. Kc5 Be7+ 67. Kc6 Bd8 68. Bd4 Ba5 69. Kb7 Bd8 70. Kc8 Bf6 71. Be3 Ke5 72. Bxg5 Bxg5 73. Kd7 Kxe4 74. Ke6 Kf4 75. Kd5 Kxg4 1/2-1/2

[Event "Belt Road Women 2019"]
[Site "Shaoxing"]
[Date "2019.07.11"]
[Round "4.6"]
[White "Lei, Tingjie"]
[Black "Guo, Qi"]
[Result "1/2-1/2"]
[ECO "C42"]
[WhiteElo "2505"]
[BlackElo "2375"]
[Annotator "RC"]
[PlyCount "64"]
[EventDate "2019.07.08"]
[EventType "swiss"]
[EventCountry "CHN"]
[TimeControl "5400+30"]

1. e4 e5 2. Nf3 Nf6 3. Nxe5 d6 4. Nf3 Nxe4 5. d4 d5 6. Bd3 Bf5 7. O-O Be7 8. Nc3 O-O 9. Ne5 Nxc3 10. bxc3 Bxd3 11. cxd3 Nc6 12. Rb1 Bd6 13. Nxc6 bxc6 14. Qa4 c5 15. dxc5 Bxc5 16. d4 Bb6 17. Ba3 Re8 18. Rfe1 Re6 19. Rxe6 fxe6 20. Re1 Qe8 21. Qd1 Qf7 22. g3 Rc8 23. Qg4 Re8 24. Re5 c6 25. Qe2 Qd7 26. f4 g6 27. h4 Bc7 28. Re3 h5 29. Qc2 Kf7 30. Qe2 Kg8 31. Kg2 Kg7 32. Kg1 Kg8 1/2-1/2

[Event "Belt Road Women 2019"]
[Site "Shaoxing"]
[Date "2019.07.11"]
[Round "4.8"]
[White "Batsiashvili, Nino"]
[Black "Zhang, Lanlin"]
[Result "0-1"]
[ECO "B04"]
[WhiteElo "2433"]
[BlackElo "2195"]
[Annotator "NA"]
[PlyCount "99"]
[EventDate "2019.07.08"]
[EventType "swiss"]
[EventCountry "CHN"]
[SourceTitle "playchess.com"]
[Source "ChessBase"]
[SourceQuality "1"]
[TimeControl "5400+30"]

1. c4 e5 2. Nc3 c5 3. e3 Nc6 4. Nf3 d6 5. d4 cxd4 6. exd4 Bg4 7. Be2 Nf6 8. Be3 Be7 9. O-O O-O 10. d5 Na5 11. Nd2 Bxe2 12. Qxe2 b6 13. f4 Nd7 14. f5 Bg5 15. Bxg5 Qxg5 16. Nce4 Qe7 17. f6 gxf6 18. Ng3 Kh8 19. Nf5 Qd8 20. Rf3 Rg8 21. Nxd6 Qf8 22. N2e4 Rb8 23. Raf1 Rg6 24. b4 Nb7 25. Nxb7 Rxb7 26. d6 a5 27. a3 axb4 28. axb4 Ra7 29. Rg3 Kg7 30. Qf3 Qa8 31. h4 Ra1 32. h5 Rxf1+ 33. Qxf1 Qxe4 34. hxg6 hxg6 35. Kh2 f5 36. Qd3 Qf4 37. Qc3 Nf6 38. Qe1 Qh4+ 39. Kg1 Qd4+ 40. Qf2 Qd1+ 41. Kh2 f4 42. Rg5 Ne4 43. Qb2 Nxg5 44. Qxe5+ f6 45. Qe7+ Nf7 46. d7 Qd2 47. Kh1 g5 48. c5 bxc5 49. bxc5 g4 50. Kh2 0-1

[Event "Belt Road Women 2019"]
[Site "Shaoxing"]
[Date "2019.07.11"]
[Round "4.13"]
[White "Pujari, Rucha"]
[Black "Hu, Yu A."]
[Result "1/2-1/2"]
[ECO "D02"]
[WhiteElo "2268"]
[BlackElo "2095"]
[Annotator "NA"]
[PlyCount "62"]
[EventDate "2019.07.08"]
[EventType "swiss"]
[EventCountry "CHN"]
[SourceTitle "playchess.com"]
[Source "ChessBase"]
[SourceQuality "1"]
[TimeControl "5400+30"]

1. d4 Nf6 2. Nf3 d5 3. g3 e6 4. Bg2 Be7 5. O-O O-O 6. b3 c5 7. Bb2 Nc6 8. Nbd2 Qb6 9. e3 Rd8 10. Qe2 a5 11. a3 a4 12. dxc5 Qxc5 13. Rac1 axb3 14. cxb3 Qb6 15. b4 Bd7 16. Rfe1 Na7 17. Bd4 Qb5 18. Qd1 Qa6 19. Bf1 Bb5 20. Bb2 Bxf1 21. Rxf1 Nb5 22. Qb3 Qa4 23. Qxa4 Rxa4 24. Nb1 Ne4 25. Nd4 Ned6 26. Rc5 Nxd4 27. Bxd4 Bf8 28. Rfc1 Nc4 29. Rb5 Rd7 30. Rc3 Nd6 31. Rb6 Nc4 1/2-1/2

[Event "Belt Road Women 2019"]
[Site "Shaoxing"]
[Date "2019.07.11"]
[Round "4.14"]
[White "Yan, Tianqi"]
[Black "Zhang, Xiao"]
[Result "1/2-1/2"]
[ECO "B10"]
[WhiteElo "2034"]
[BlackElo "2259"]
[Annotator "NA"]
[PlyCount "113"]
[EventDate "2019.07.08"]
[EventType "swiss"]
[EventCountry "CHN"]
[SourceTitle "playchess.com"]
[Source "ChessBase"]
[SourceQuality "1"]
[TimeControl "5400+30"]

1. e4 c6 2. c4 d5 3. exd5 cxd5 4. cxd5 Nf6 5. Qa4+ Bd7 6. Qb3 Qc7 7. Nc3 Na6 8. d4 e6 9. dxe6 Bxe6 10. Bb5+ Kd8 11. Qa4 Nb4 12. a3 Nbd5 13. Nge2 Bd6 14. Bd3 Nxc3 15. bxc3 Bd5 16. f3 Bxh2 17. c4 Bc6 18. Qc2 Bd6 19. Bg5 Qa5+ 20. Bd2 Qc7 21. Kf2 h6 22. Rhc1 Rc8 23. Bb4 Bf4 24. Bd2 Bd6 25. Be3 Re8 26. Bf5 Qe7 27. Qd3 Bd7 28. Bxd7 Nxd7 29. g3 Nb6 30. Bf4 Bxf4 31. Nxf4 g5 32. Ng2 Rc6 33. Re1 Re6 34. Rxe6 Qxe6 35. d5 Qc8 36. Rc1 Qc5+ 37. Kf1 Kc7 38. Qc3 Kb8 39. Qd3 h5 40. Rc3 Na4 41. Rb3 Qd6 42. Rb4 Nc5 43. Qd4 Na6 44. Rb3 Qxg3 45. c5 Qe5 46. Qxe5+ Rxe5 47. c6 Nc5 48. Rc3 Rxd5 49. cxb7 f6 50. Ne3 Re5 51. Nc4 Re6 52. Na5 Nxb7 53. Nc6+ Ka8 54. Nd4 Re8 55. Nb5 Rf8 56. Nc7+ Kb8 57. Na6+ 1/2-1/2

[Event "Belt Road Women 2019"]
[Site "Shaoxing"]
[Date "2019.07.11"]
[Round "4.15"]
[White "Bai, Xue"]
[Black "Xu, Yuze"]
[Result "1/2-1/2"]
[ECO "B36"]
[WhiteElo "2029"]
[BlackElo "2083"]
[Annotator "NA"]
[PlyCount "56"]
[EventDate "2019.07.08"]
[EventType "swiss"]
[EventCountry "CHN"]
[SourceTitle "playchess.com"]
[Source "ChessBase"]
[SourceQuality "1"]
[TimeControl "5400+30"]

1. e4 c5 2. Nf3 Nc6 3. d4 cxd4 4. Nxd4 g6 5. c4 Nf6 6. Nc3 Nxd4 7. Qxd4 d6 8. Be3 Bg7 9. f3 O-O 10. Qd2 a5 11. b3 a4 12. b4 Be6 13. Rc1 Nd7 14. a3 Nb6 15. Nd5 Nxd5 16. exd5 Bd7 17. Be2 e6 18. dxe6 Bxe6 19. O-O d5 20. c5 d4 21. Bf2 Qd5 22. Bc4 Qd7 23. Rfd1 Rfd8 24. Bh4 Rdc8 25. Bg3 Re8 26. Bf2 Red8 27. Qd3 Bf5 28. Qd2 Be6 1/2-1/2

[Event "Belt Road Women 2019"]
[Site "Shaoxing"]
[Date "2019.07.11"]
[Round "4.16"]
[White "Du, Yuxin"]
[Black "Zhou, Yafei"]
[Result "1-0"]
[ECO "C07"]
[WhiteElo "2015"]
[BlackElo "1720"]
[Annotator "NA"]
[PlyCount "86"]
[EventDate "2019.07.08"]
[EventType "swiss"]
[EventCountry "CHN"]
[SourceTitle "playchess.com"]
[Source "ChessBase"]
[SourceQuality "1"]
[TimeControl "5400+30"]

1. e4 e6 2. d4 d5 3. Nd2 c5 4. exd5 Qxd5 5. Ngf3 cxd4 6. Bc4 Qd8 7. O-O Nc6 8. Nb3 a6 9. Nbxd4 Nxd4 10. Nxd4 Qc7 11. Bb3 Bd6 12. h3 Ne7 13. c3 O-O 14. Qf3 Rb8 15. Re1 b5 16. Bg5 Ng6 17. Rad1 Bf4 18. Bxf4 Qxf4 19. Qxf4 Nxf4 20. Nc6 Rb7 21. Rd4 Rc7 22. Rxf4 Rxc6 23. Rd4 g6 24. Red1 Rc7 25. Rd6 Bb7 26. Rb6 Rb8 27. Rdd6 Kf8 28. a4 Ke7 29. axb5 axb5 30. Rd4 Ra8 31. Rxb5 Bc6 32. Rb6 Ra1+ 33. Kh2 Re1 34. Rc4 Kd7 35. Rbxc6 Rxc6 36. Ba4 Re2 37. Bxc6+ Kd6 38. b4 Rxf2 39. b5 Rb2 40. Rb4 Rxb4 41. cxb4 e5 42. Be8 f5 43. b6 Kd5 1-0

[Event "Belt Road Women 2019"]
[Site "Shaoxing"]
[Date "2019.07.11"]
[Round "4.17"]
[White "Zhang, Yuxuan"]
[Black "Peng, Tianlu"]
[Result "1-0"]
[ECO "B92"]
[WhiteElo "1987"]
[BlackElo "1901"]
[Annotator "NA"]
[PlyCount "129"]
[EventDate "2019.07.08"]
[EventType "swiss"]
[EventCountry "CHN"]
[SourceTitle "playchess.com"]
[Source "ChessBase"]
[SourceQuality "1"]
[TimeControl "5400+30"]

1. e4 c5 2. Nf3 d6 3. d4 cxd4 4. Nxd4 Nf6 5. Nc3 a6 6. Be2 e5 7. Nf3 Be7 8. Bg5 Be6 9. Bxf6 Bxf6 10. Nd5 Nd7 11. b4 O-O 12. O-O Rc8 13. c4 g6 14. a4 a5 15. Rb1 axb4 16. Rxb4 b6 17. Nxf6+ Nxf6 18. Qd3 Rc6 19. Ng5 Bc8 20. Rd1 h6 21. Nf3 Qc7 22. Nd2 Rd8 23. Nb1 Ba6 24. Nc3 Rc5 25. f3 Kg7 26. Nb5 Bxb5 27. axb5 Nh5 28. g3 Nf6 29. Ra4 Ne8 30. Rda1 Qe7 31. Ra6 Rb8 32. Kf2 Rb7 33. Rd1 Rc8 34. Ra4 Rd8 35. Qd5 Qc7 36. Ra6 Rd7 37. f4 exf4 38. gxf4 Qd8 39. Kg3 Qe7 40. Bg4 Nf6 41. Qd4 Rdc7 42. Bf3 Rb8 43. Re1 Kh7 44. e5 dxe5 45. Rxe5 Qd7 46. Qxd7 Rxd7 47. c5 bxc5 48. Rxf6 Rxb5 49. Rc6 Rb4 50. Rexc5 Rdd4 51. Rf6 Kg7 52. Rcc6 h5 53. Rcd6 h4+ 54. Kg4 Rxd6 55. Rxd6 f6 56. Bc6 g5 57. Kh5 Rxf4 58. Rd7+ Kf8 59. Rb7 Rc4 60. Bb5 Rc5 61. Kg6 g4 62. Kxf6 Rc8 63. Bd7 Ra8 64. Be6 Ke8 65. Rh7 1-0

[Event "Belt Road Women 2019"]
[Site "Shaoxing"]
[Date "2019.07.12"]
[Round "5.5"]
[White "Tan, Zhongyi"]
[Black "Munkhzul, Turmunkh"]
[Result "1-0"]
[ECO "D35"]
[WhiteElo "2511"]
[BlackElo "2386"]
[Annotator "RC"]
[PlyCount "125"]
[EventDate "2019.07.08"]
[EventType "swiss"]
[EventCountry "CHN"]
[SourceTitle "playchess.com"]
[Source "ChessBase"]
[SourceQuality "1"]
[TimeControl "5400+30"]

1. d4 Nf6 2. c4 e6 3. Nc3 d5 4. cxd5 exd5 5. Bg5 Be7 6. e3 O-O 7. Bd3 h6 8. Bf4 c6 9. h3 Be6 10. Nge2 Nbd7 11. O-O a5 12. Qc2 Re8 13. Rad1 Bf8 14. f3 Nb6 15. Bg3 c5 16. Qd2 Rc8 17. Bh4 Nbd7 18. Bb5 Be7 19. Bf2 c4 20. e4 Rf8 21. Ba4 Nb6 22. Bc2 Nh5 23. e5 g6 24. Be3 Qd7 25. Bxh6 Ng7 26. g4 Kh7 27. Bg5 Rh8 28. Kg2 Kg8 29. Rh1 Qd8 30. Bxe7 Qxe7 31. Nf4 Qh4 32. Qf2 Qg5 33. Qg3 Rh4 34. Kf2 Rh8 35. h4 Qe7 36. a3 Qd7 37. Rdg1 Na8 38. Ba4 Qd8 39. h5 g5 40. h6 Ne8 41. Bxe8 Qxe8 42. Nh5 Qd8 43. Nf6+ Kf8 44. Kg2 Nc7 45. f4 gxf4 46. Qxf4 Ne8 47. g5 Qb6 48. Nd1 Ke7 49. Rf1 Nxf6 50. exf6+ Kd7 51. Rf3 Rcg8 52. Rg3 Rg6 53. Re1 Rhg8 54. Re5 Qb5 55. Qf2 Qb6 56. Nc3 Kd6 57. Qd2 Kd7 58. Ne2 Rf8 59. Nf4 Rgg8 60. Qf2 Rh8 61. g6 Rxh6 62. g7 Rg8 63. Nxe6 1-0

[Event "Belt Road Women 2019"]
[Site "Shaoxing"]
[Date "2019.07.12"]
[Round "5.7"]
[White "Harika, Dronavalli"]
[Black "Li, Xueyi"]
[Result "1/2-1/2"]
[ECO "B11"]
[WhiteElo "2492"]
[BlackElo "2330"]
[Annotator "RC"]
[PlyCount "53"]
[EventDate "2019.07.08"]
[EventType "swiss"]
[EventCountry "CHN"]
[SourceTitle "playchess.com"]
[Source "ChessBase"]
[SourceQuality "1"]
[TimeControl "5400+30"]

1. e4 c6 2. Nc3 d5 3. Nf3 Nf6 4. e5 Ne4 5. Ne2 Qb6 6. d4 e6 7. Ng3 c5 8. Bd3 Nxg3 9. fxg3 h6 10. O-O Nc6 11. a3 Bd7 12. Kh1 cxd4 13. b4 a6 14. g4 g6 15. Qe2 Bg7 16. Bf4 Nd8 17. Rfd1 Bb5 18. Bxb5+ Qxb5 19. Qxb5+ axb5 20. Nxd4 Nc6 21. Nxb5 O-O 22. Re1 Rfc8 23. Rac1 Na7 24. Nd6 Rc3 25. a4 Nc6 26. a5 g5 27. Bd2 1/2-1/2

[Event "Belt Road Women 2019"]
[Site "Shaoxing"]
[Date "2019.07.12"]
[Round "5.8"]
[White "Soumya, Swaminathan"]
[Black "Girya, Olga"]
[Result "0-1"]
[ECO "B15"]
[WhiteElo "2402"]
[BlackElo "2457"]
[Annotator "RC"]
[PlyCount "80"]
[EventDate "2019.07.08"]
[EventType "swiss"]
[EventCountry "CHN"]
[SourceTitle "playchess.com"]
[Source "ChessBase"]
[SourceQuality "1"]
[TimeControl "5400+30"]

1. e4 c6 2. Nf3 d5 3. Nc3 dxe4 4. Nxe4 Nf6 5. Nxf6+ exf6 6. d4 Bd6 7. h3 O-O 8. Be2 Re8 9. O-O Nd7 10. Be3 Nf8 11. c4 Ng6 12. Re1 Be6 13. Qd2 Qd7 14. Bf1 Rad8 15. Rad1 Bb8 16. Qc1 Qc7 17. Bd3 Qc8 18. Bf1 Qc7 19. Bd3 Nf4 20. Bxf4 Qxf4 21. Qxf4 Bxf4 22. b4 Kf8 23. a4 h5 24. Re4 g5 25. Rde1 f5 26. Rxf4 gxf4 27. Rb1 Kg7 28. b5 Kf6 29. a5 Re7 30. Bf1 Rc7 31. bxc6 bxc6 32. Bd3 c5 33. d5 Bc8 34. Rb8 Rb7 35. Ra8 Rbd7 36. Nh4 Ba6 37. Rxd8 Rxd8 38. Nxf5 Bxc4 39. Bxc4 Kxf5 40. f3 Ke5 0-1